 Dungeon Crawl Stone Soup version 0.29.1-15-g9cfb28693d (webtiles) character file.

Game seed: 10879513981677624203

1175 Danienth the Basher (level 8, 0/71 HPs)
             Began as a Minotaur Berserker on Apr 4, 2023.
             Was a Priest of Trog (penitent).
             Killed by divine providence
             ... invoked by an orc priest
              (14 damage)
             ... on level 6 of the Dungeon.
             The game lasted 00:45:47 (6848 turns).

Danienth the Basher (Minotaur Berserker)            Turns: 6848, Time: 00:45:48

Health: 0/71       AC:  2    Str: 24    XL:     8   Next: 18%
Magic:  7/7        EV: 17    Int:  4    God:    Trog [***...]
Gold:   283        SH:  0    Dex: 10    Spells: 6/7 levels left

rFire   . . .      SeeInvis .   H - +1 flail (protect)
rCold   . . .      Faith    +   m - orb {*Rage}
rNeg    . . .      Spirit   .   b - +0 animal skin
rPois   .          Reflect  .   (helmet restricted)
rElec   .          Harm     .   (no cloak)
rCorr   .          Rampage  .   (no gloves)
Will    .....      Rage     20% (no boots)
Stlth   ++........              s - amulet of faith
HPRegen 0.21/turn               B - +4 ring of evasion
MPRegen 0.10/turn               (no ring)

@: hasted, very quick
A: horns 2, retaliatory headbutt
a: Renounce Religion


You were on level 6 of the Dungeon.
You worshipped Trog.
Trog was demanding penance.
You visited 2 branches of the dungeon, and saw 7 of its levels.

You collected 283 gold pieces.

Inventory:

Hand Weapons
 f - a +0 dagger of electrocution
 k - a +2 dagger of draining
 H - a +1 flail of protection (weapon)
 M - a +0 shortbow
 N - a +0 flail of protection
 O - a +2 halberd of holy wrath
Missiles
 i - 50 stones (quivered)
 u - 4 datura-tipped darts
 J - 5 poisoned darts
Armour
 b - a +0 animal skin (worn)
 d - a +0 helmet
 m - an orb of wrath (worn)
 r - a +0 helmet
 x - a +0 helmet
 K - a +0 helmet
Magical Staves
 o - a staff of cold
Jewellery
 s - an amulet of faith (around neck)
 B - a +4 ring of evasion (left hand)
Wands
 C - a wand of flame (6)
 E - a wand of light (9)
 L - a wand of charming (8)
Scrolls
 j - a scroll of identify
 t - 4 scrolls of poison
 y - a scroll of immolation {unknown}
 D - 2 scrolls of vulnerability
 F - a scroll of fog
 I - a scroll of magic mapping {unknown}
Potions
 c - a potion of haste
 e - a potion of degeneration
 l - a potion of magic {unknown}
 n - 3 potions of ambrosia {unknown}
 p - a potion of berserk rage
 w - a potion of might {unknown}
 z - a potion of cancellation {unknown}
 G - 2 potions of brilliance {unknown}


   Skills:
 + Level 6.5 Fighting
 + Level 8.7 Maces & Flails
 + Level 2.9 Armour
 + Level 5.1 Dodging
 + Level 2.6 Stealth


You had 6 spell levels left.
You knew the following spells:

 Your Spells              Type           Power      Damage    Failure   Level
a - Necrotise             Necr           0%         1d4       50%         1

Your spell library contained the following spells:

 Spells                   Type           Power      Damage    Failure   Level
 Apportation              Tloc           0%         N/A       50%         1
 Sandblast                Erth           0%         2d4       50%         1
 Summon Small Mammal      Summ           0%         N/A       50%         1
 Passwall                 Tmut/Erth      0%         N/A       65%         2
 Stone Arrow              Conj/Erth      0%         3d7       86%         3
 Cause Fear               Hex            0%         N/A       99%         4
 Dragon Form              Tmut           0%         N/A       100%        7
 Dragon's Call            Summ           0%         N/A       100%        9


Dungeon Overview and Level Annotations

Branches:
Dungeon (6/15)             Temple (1/1) D:5

Altars:
Ashenzari
Cheibriados
Elyvilon
Fedhas
Gozag
Hepliaklqana
Makhleb
Nemelex Xobeh
Okawaru
Qazlal
Ru
Sif Muna
Uskayaw
Vehumet
Wu Jian
Xom
Yredelemnul
Zin
The Shining One


Innate Abilities, Weirdness & Mutations

You have a pair of horns on your head.
You reflexively headbutt those who attack you in melee.


Message History

There is a stone staircase leading up here.
The helpless orc fails to defend itself.
You bludgeon the orc!!
Your weapon exudes an aura of protection.
You kill the orc!
Trog accepts your kill.
Things that are here:
a +0 hand axe; an orc corpse
Found a stone staircase leading up.
Found a scroll labelled CAOSAU IDOSU.
Found 9 gold pieces.
Found a stone staircase leading down.
a - a scroll labelled CAOSAU IDOSU 2 orc priests come into view.
The orc priest shouts!
The orc priest invokes the aid of Beogh against you.
Beogh smites you!
You hear a shout!
An orc comes into view. It is wielding a +0 hand axe.
The orc shouts!
As you read the scroll labelled CAOSAU IDOSU, it crumbles to dust.
It is a scroll of enchant weapon.
Your +0 flail of protection glows red for a moment.
An orc comes into view. It is wielding a +0 mace.
The orc priest mumbles some strange prayers to Beogh against you.
Beogh smites you!
The orc shouts!
The orc priest mumbles some strange prayers to Beogh against you.
Beogh smites you!
The orc priest looks encouraged for a moment.
The orc priest invokes the aid of Beogh against you.
Beogh smites you!
The orc priest mumbles some strange prayers to Beogh against you.
Beogh smites you!
* * * LOW HITPOINT WARNING * * *
It was a potion of haste.
You feel yourself speed up.
The orc priest looks satisfied for a moment.
The orc priest calls down the wrath of Beogh upon you.
Beogh smites you!
You die...

##..........#
#..o.......#
#####..o.......#
........o.....##
.......o.......#
...............#
#####....<.....#
#...)......#
#..@.......#
##........##
#......>##
#.####### #. #.
##


You could see 2 orc priests and 2 orcs.

Vanquished Creatures
  Edmund (D:4)
  An ogre (D:5)
  A black bear (D:5)
  A centaur (D:5)
  The ghost of Cheops the Poker, an amateur MfGl (D:3)
  A phantom (D:5)
  2 scorpions (D:5)
  A necrophage (D:5)
  A howler monkey (D:5)
  A jelly (D:4)
  2 orc priests (D:3)
  A hound (D:5)
  Jessica (D:2)
  An iguana (D:4)
  11 adders
  3 gnolls (D:5)
  2 river rats (D:3)
  A shadow imp (D:3)
  2 worms
  2 dart slugs
  9 orcs
  10 ball pythons
  10 endoplasms
  2 giant cockroaches
  13 hobgoblins
  3 jackals (D:2)
  9 kobolds
  6 quokkas
  6 bats
  A frilled lizard (D:2)
  7 goblins
  5 rats
118 creatures vanquished.

Notes
Turn   | Place    | Note
-------+----------+-------------------------------------------
     0 | D:1      | Danienth the Minotaur Berserker began the quest for the
                  | Orb.
     0 | D:1      | Reached XP level 1. HP: 19/19 MP: 0/0
   143 | D:1      | Reached skill level 4 in Maces & Flails
   143 | D:1      | Reached XP level 2. HP: 5/27 MP: 1/1
   856 | D:1      | Reached XP level 3. HP: 30/33 MP: 2/2
  1146 | D:1      | Reached ** piety under Trog
  1456 | D:2      | Noticed Jessica
  1481 | D:2      | Killed Jessica
  1592 | D:2      | Reached XP level 4. HP: 35/41 MP: 3/3
  1968 | D:2      | Found a faded altar of an unknown god.
  2695 | D:3      | Found a shimmering altar of Xom.
  2695 | D:3      | Found a basalt altar of Yredelemnul.
  2698 | D:3      | Found an ornate altar of the Wu Jian Council.
  2851 | D:3      | Reached skill level 5 in Maces & Flails
  2854 | D:3      | Reached skill level 5 in Fighting
  2854 | D:3      | Reached XP level 5. HP: 23/48 MP: 4/4
  3228 | D:3      | Found a runed translucent door.
  3229 | D:3      | Noticed Cheops's ghost (amateur MfGl)
  3250 | D:3      | Killed Cheops's ghost
  3251 | D:3      | Reached skill level 6 in Maces & Flails
  3251 | D:3      | Reached XP level 6. HP: 38/56 MP: 5/5
  3254 | D:3      | Found a runed translucent door.
  3880 | D:3      | Found a hide-covered altar of Uskayaw.
  4406 | D:4      | Found a stormy altar of Qazlal.
  4523 | D:4      | Reached *** piety under Trog
  4609 | D:4      | Found a burning altar of Makhleb.
  4917 | D:4      | Noticed Edmund
  4932 | D:4      | Killed Edmund
  4933 | D:4      | Reached skill level 7 in Maces & Flails
  4933 | D:4      | Reached skill level 1 in Stealth
  4933 | D:4      | Reached XP level 7. HP: 52/62 MP: 6/6
  5626 | D:5      | Entered Level 5 of the Dungeon
  5830 | D:5      | Reached skill level 8 in Maces & Flails
  6215 | D:5      | Reached XP level 8. HP: 71/71 MP: 7/7
  6288 | D:5      | Reached skill level 5 in Dodging
  6381 | D:5      | Found a staircase to the Ecumenical Temple.
  6391 | Temple   | Entered the Ecumenical Temple
  6604 | D:5      | Was placed under penance by Trog
  6606 | D:5      | Learned a level 1 spell: Necrotise
  6848 | D:6      | Killed from afar by an orc priest

Illustrated notes

Levels and vault maps discovered:
D:1:      dpeg_arrival_shrine, layout_loops_ring
D:2:      layout_basic, nicolae_ecumenical_snake_handling, serial_forest,
          infiniplex_forest_fountain, infiniplex_forest_3_way,
          infiniplex_forest_lined_3, infiniplex_forest_clump_small,
          minmay_misc_feat_pillars, minmay_misc_feat_enclosed,
          minmay_tiny_reverse_x, uniq_jessica
D:3:      minmay_inner_zag, layout_basic, mainiacjoe_overflow_alcove_4,
          chequers_temple_overflow_statue_of_worship, ebering_ghost_sewer_f
D:4:      layout_basic, lightli_temple_of_fire,
          nicolae_qazlal_scattered_showers, nicolae_hexahallways, uniq_edmund
D:5:      layout_gridville, minmay_temple_entry_enclosed_plants
D:6:      nicolae_cairo_tiling_large_dashed, layout_rooms, kennysheep_crisscross
Temple:   hellmonk_temple_forest_ring

Skill      XL: |  1  2  3  4  5  6  7  8 |
---------------+-------------------------+-----
Maces & Flails | 4 5 6 7 8 |  8.7
Fighting       | 4 5 6 |  6.5
Dodging        | 3 4 5 |  5.1
Stealth        | 1 2 |  2.6
Armour         | |  2.9

Action                   |  1- 3 |  4- 6 |  7- 9 || total
-------------------------+-------+-------+-------++-------
Melee: Mace              |    74 |   132 |       ||   206
       Headbutt          |     7 |    23 |    13 ||    43
       Punch             |     1 |       |       ||     1
       Flail             |       |       |    69 ||    69
Invok: Berserk           |     3 |     2 |       ||     5
  Use: Scroll            |       |     5 |     2 ||     7
       Potion            |       |     3 |     1 ||     4
 Stab: Sleeping          |       |     1 |     3 ||     4
Armor: Animal skin       |    27 |    12 |    14 ||    53
Dodge: Dodged            |    52 |    88 |    63 ||   203
